 Dungeon Crawl Stone Soup version 0.29.1-1-gd02db6906a (webtiles) character file.

Game seed: 1437910673837171649

16889 sanboga the Severer (level 12, -3/99 HPs)
             Began as a Minotaur Monk on Oct 3, 2022.
             Was an Elder of Hepliaklqana.
             Slain by Azrael
             ... wielding a +2 scimitar of flaming
              (4 damage)
             ... on level 12 of the Dungeon.
             The game lasted 00:20:57 (14434 turns).

sanboga the Severer (Minotaur Monk)                Turns: 14434, Time: 00:20:57

Health: -3/99      AC: 29    Str: 25    XL:     12   Next: 14%
Magic:  11/11      EV:  8    Int:  7    God:    Hepliaklqana [****..]
Gold:   578        SH: 16    Dex: 20    Spells: 11/11 levels left

rFire   . . .      SeeInvis .   a - +1 broad axe (flame)
rCold   + . .      Faith    .   n - +3 kite shield {reflect}
rNeg    + . .      Spirit   .   j - +2 plate armour {Will+}
rPois   .          Reflect  +   z - +2 hat
rElec   .          Harm     .   e - +0 cloak
rCorr   .          Rampage  .   (no gloves)
Will    +....                   u - +0 pair of boots
Stlth   ..........              C - amulet "Kittiv" {RegenMP rC+ rN+ Dex+5}
HPRegen 0.26/turn               d - +6 ring of strength
MPRegen 0.52/turn               x - ring of the Tortoise {AC+8}

@: no status effects
A: reduced essence, horns 2, retaliatory headbutt
a: Renounce Religion, Recall Ancestor, Ancestor Identity, Transference, Idealise


You were on level 12 of the Dungeon.
You worshipped Hepliaklqana.
Hepliaklqana was greatly pleased with you.
You visited 1 branch of the dungeon, and saw 12 of its levels.
You also visited: Sewer, Bailey and Gauntlet.

You collected 992 gold pieces.
You spent 414 gold pieces at shops.

Inventory:

Hand Weapons
 a - a +1 broad axe of flaming (weapon)
Armour
 e - a +0 cloak (worn)
 j - a +2 plate armour of willpower (worn)
 n - a +3 kite shield of reflection (worn)
 u - a +0 pair of boots (worn)
 z - a +2 hat (worn)
Jewellery
 d - a +6 ring of strength (left hand)
 f - a ring of fire
 i - a ring of fire
 m - a ring of see invisible
 x - the ring of the Tortoise (right hand) {AC+8}
   (You found it in a Gauntlet)

   [ring of protection]

   AC:        It affects your AC (+8).
 C - the amulet "Kittiv" (around neck) {RegenMP rC+ rN+ Dex+5}
   (You found it in a Gauntlet)

   [amulet of magic regeneration]

   It increases your rate of magic regeneration.
   Dex:       It affects your dexterity (+5).
   rC:        It protects you from cold.
   rN:        It protects you from negative energy.
Wands
 l - a wand of charming (30)
 o - a wand of flame (24)
 B - a wand of mindburst (16)
 D - a wand of iceblast (3)
Scrolls
 g - 3 scrolls of fog
 k - 5 scrolls of enchant weapon
 p - 6 scrolls of teleportation
 q - 2 scrolls of identify
 r - 2 scrolls of magic mapping
 t - 3 scrolls of summoning
 v - 2 scrolls of silence
 y - 4 scrolls of enchant armour
 A - a scroll of blinking
Potions
 b - a potion of haste
 c - a potion of ambrosia
 h - 4 potions of might
 w - a potion of resistance


   Skills:
 + Level 11.4 Fighting
 * Level 15.4 Axes
 + Level 10.7 Armour
 - Level 3.2 Dodging
 - Level 1.5 Stealth
 + Level 10.5 Shields


You had 11 spell levels left.
You didn't know any spells.
Your spell library contained the following spells:

 Spells                   Type           Power      Damage    Failure   Level
 Apportation              Tloc           0%         N/A       100%        1
 Necrotise                Necr           0%         1d4       100%        1
 Summon Small Mammal      Summ           0%         N/A       100%        1
 Blink                    Tloc           0%         N/A       100%        2
 Ensorcelled Hibernation  Hex/Ice        0%         N/A       100%        2
 Confusing Touch          Hex            0%         N/A       100%        3
 Lesser Beckoning         Tloc           0%         N/A       100%        3
 Spider Form              Tmut/Pois      0%         N/A       100%        3
 Vampiric Draining        Necr           0%         2d6       100%        3
 Anguish                  Hex/Necr       0%         N/A       100%        4
 Agony                    Necr           0%         N/A       100%        5
 Manifold Assault         Tloc           0%         N/A       100%        5
 Yara's Violent Unravell  Hex/Tmut       0%         3d3       100%        5
 Conjure Ball Lightning   Conj/Air       0%         3x3d6     100%        6
 Enfeeble                 Hex            0%         N/A       100%        7
 Discord                  Hex            0%         N/A       100%        8
 Disjunction              Tloc           0%         N/A       100%        8
 Chain Lightning          Conj/Air       0%         N/A       100%        9
 Fire Storm               Conj/Fire      0%         5d1       100%        9
 Shatter                  Erth           0%         3d5*      100%        9


Dungeon Overview and Level Annotations

Branches:
Dungeon (12/15)            Temple (0/1) D:7            Lair (0/5) D:9
  Sewer (visited)          Bailey (visited)         Gauntlet (visited)
    Orc: D:9-12

Altars:
Cheibriados
Elyvilon
Hepliaklqana
Sif Muna

Shops:
D:3 ?

Annotations:
D:11 2 transporters
D:12 Azrael


Innate Abilities, Weirdness & Mutations

Your life essence is reduced to manifest your ancestor. (-10% HP)
You have a pair of horns on your head.
You reflexively headbutt those who attack you in melee.


Message History

The hell hound resists with significant effort.
You block the hell hound's attack.
You barely miss the hell hound.
The hell hound is heavily wounded.
Mark hits the hell hound with a +0 dagger of draining!
Mark casts a spell at the hell hound.
The hell hound appears confused.
The hell hound bites Mark!
You slash the hell hound!
You kill the hell hound!
Azrael seems less confused.
Azrael gestures at you.
The sphere of damnation explodes!
The damnation engulfs you!!
Mark gestures at Azrael while chanting.
Azrael easily resists.
Azrael hits you but does no damage.
You barely miss Azrael. You block Azrael's attack.
You hit Azrael but do no damage. You headbutt Azrael.
Azrael is lightly wounded.
Azrael gestures at you.
The sphere of damnation explodes!
The damnation engulfs you!!
The damnation engulfs Mark!
The damnation engulfs Azrael.
Azrael completely resists.
Mark points at Azrael and mumbles some strange words.
Azrael easily resists.
You catch the helpless Azrael completely off-guard!
You hit Azrael but do no damage. You block Azrael's attack.
You hit Azrael. You headbutt Azrael, but do no damage.
Azrael is lightly wounded.
Azrael gestures at you.
The sphere of damnation explodes!
The damnation engulfs you!!!
* * * LOW HITPOINT WARNING * * *
The damnation engulfs Azrael.
Azrael completely resists.
The damnation engulfs Mark!!
Mark is destroyed!
You hit Azrael but do no damage.
Azrael is lightly wounded.
Azrael hits you with a +2 scimitar of flaming!
* * * LOW HITPOINT WARNING * * *
Azrael burns you.
You die...

..........#....Eh.....##.#.##
..........#.....#....##.#.##
..........#.....#...##.#.##
..........#######..##.#.##
...[..............##.#.##
....[..............##.#.##
....................##.#.##
....<.<†.............##.#.##
................@R....##.#.##
......#######..........##.#.##
......+ #...........##.#.##
####..# #............##.#.##
#..# #........... ##.#.##
#..#######........... ##.#.#
##................... ##.#.
#.#####.......###### ..##..
#.# #.... .. .......


You could see Azrael.

Vanquished Creatures
  A minotaur (Gauntlet)
  Erolcha (D:11)
  A boulder beetle (D:12)
  A two-headed ogre (D:10)
  A manticore (D:11)
  An unseen horror (D:11)
  A kobold demonologist (D:11)
  A troll (D:12)
  4 flying skulls (Gauntlet)
  A centaur simulacrum (Gauntlet)
  4 shadows
  A spriggan (D:7)
  4 yaks (D:8)
  2 fire elementals (D:12)
  Grum (Bailey)
  A wraith (D:11)
  A basilisk (D:10)
  3 vampire mosquitoes (D:12)
  2 steam dragons
  3 hell hounds (D:12)
  A water moccasin (D:7)
  2 acid dragons
  A meliai simulacrum (Gauntlet)
  6 orc warriors
  2 ice beasts (D:6)
  4 black bears
  4 ogres
  4 wolves (Bailey)
  4 centaurs
  A phantom (D:5)
  4 kobold brigands
  2 necrophages
  2 scorpions
  8 gnoll sergeants
  5 bullfrogs
  12 wights
  3 killer bees
  7 howler monkeys
  3 orc priests
  5 hounds
  5 gnoll boudas
  4 iguanas
  7 orc wizards
  A boggart simulacrum (Gauntlet)
  29 gnolls
  11 adders
  2 shadow imps
  2 worms
  3 dart slugs
  28 orcs
  8 endoplasms
  4 giant cockroaches
  12 goblins
  12 hobgoblins
  3 jackals (D:1)
  8 quokkas
  15 ball pythons
  3 bats (D:1)
  6 frilled lizards
  51 kobolds
  4 rats
333 creatures vanquished.

Vanquished Creatures (collateral kills)
  A two-headed ogre (D:11)
  A deep elf pyromancer (D:12)
  Joseph (D:7)
  An apocalypse crab (Gauntlet)
  Maggie (D:7)
  A centaur simulacrum (Gauntlet)
  A shadow (D:11)
  2 yaks (D:8)
  An acid dragon (D:8)
  A black bear (D:6)
  2 wolves (Bailey)
  A bullfrog (D:7)
  A gnoll sergeant (Bailey)
  A cane toad simulacrum (Gauntlet)
  A wight (D:7)
  A killer bee (D:7)
  2 howler monkeys (D:7)
  2 hounds
  2 gnoll boudas (Bailey)
  An orc wizard (D:8)
  3 gnolls (Bailey)
  An adder (Sewer)
  A goblin (D:8)
30 creatures vanquished.

Vanquished Creatures (others)
  5 hexers
  2 withered plants (Gauntlet)
7 creatures vanquished.

Grand Total: 370 creatures vanquished

Notes
Turn   | Place    | Note
-------+----------+-------------------------------------------
     0 | D:1      | sanboga the Minotaur Monk began the quest for the Orb.
     0 | D:1      | Reached XP level 1. HP: 19/19 MP: 0/0
   544 | D:1      | Reached skill level 4 in Axes
   554 | D:1      | Reached XP level 2. HP: 27/27 MP: 1/1
   612 | D:1      | Reached skill level 1 in Armour
   621 | D:1      | Found a faded altar of an unknown god.
  1013 | D:1      | Reached XP level 3. HP: 30/33 MP: 2/2
  2307 | D:3      | Reached skill level 5 in Axes
  2307 | D:3      | Reached XP level 4. HP: 36/40 MP: 3/3
  2630 | D:3      | Found a snail-covered altar of Cheibriados.
  2880 | D:3      | Found Faux's Magic Scroll Shoppe.
  2888 | D:3      | Bought a scroll of magic mapping for 90 gold pieces
  2982 | D:4      | Reached skill level 1 in Shields
  3140 | D:4      | Noticed a scorpion
  3147 | D:4      | Killed a scorpion
  3148 | D:4      | Reached XP level 5. HP: 44/47 MP: 4/4
  3437 | D:4      | Reached skill level 5 in Fighting
  3437 | D:4      | Reached skill level 6 in Axes
  3510 | D:4      | Reached XP level 6. HP: 46/56 MP: 5/5
  4700 | D:3      | Bought a scroll of summoning for 114 gold pieces
  4700 | D:3      | Bought a scroll of fear for 48 gold pieces
  4966 | D:5      | Entered Level 5 of the Dungeon
  5019 | D:5      | Reached XP level 7. HP: 61/61 MP: 6/6
  5134 | D:5      | Reached skill level 7 in Axes
  5199 | D:5      | HP: 1/61 [ogre/+0 giant club (25)]
  5550 | D:5      | Found a large runed translucent door.
  5552 | D:5      | Found a large runed translucent door.
  5964 | D:5      | Reached skill level 8 in Axes
  5964 | D:5      | Reached XP level 8. HP: 44/70 MP: 7/7
  5972 | D:5      | Reached skill level 5 in Armour
  6341 | D:5      | Found a shimmering blue altar of Sif Muna.
  6346 | D:5      | Found a white marble altar of Elyvilon.
  6449 | D:6      | Found a hazy altar of Hepliaklqana.
  6452 | D:6      | Became a worshipper of Hepliaklqana the Forgotten
  6452 | D:6      | Reached * piety under Hepliaklqana
  6452 | D:6      | Reached ** piety under Hepliaklqana
  6456 | D:6      | Found a glowing drain.
  6465 | Sewer    | Entered a sewer
  6467 | Sewer    | Remembered your ancestor Mark as a hexer
  6827 | D:6      | Reached skill level 5 in Shields
  6904 | D:6      | Reached skill level 9 in Axes
  6928 | D:6      | Reached XP level 9. HP: 60/71 MP: 8/8
  7004 | D:6      | Reached skill level 10 in Axes
  7337 | D:3      | Bought a scroll of torment for 114 gold pieces
  7337 | D:3      | Bought a scroll of identify for 24 gold pieces
  7337 | D:3      | Bought a scroll of identify for 24 gold pieces
  7644 | D:7      | Found a staircase to the Ecumenical Temple.
  7775 | D:7      | Noticed Joseph
  7787 | D:7      | Killed Joseph
  7789 | D:7      | Reached skill level 11 in Axes
  8071 | D:7      | Noticed Maggie
  8086 | D:7      | Killed Maggie
  8406 | D:7      | Reached XP level 10. HP: 81/81 MP: 9/9
  8746 | D:8      | Found a flagged portal.
  8758 | Bailey   | Entered a bailey
  8805 | Bailey   | Reached *** piety under Hepliaklqana
  8815 | Bailey   | Reached skill level 12 in Axes
  9039 | Bailey   | Identified the +5 quick blade "Qyscheak" {vamp, Dex+3}
  9069 | Bailey   | Noticed Grum
  9098 | Bailey   | Killed Grum
  9125 | Bailey   | HP: 2/81 [gnoll sergeant/+0 glaive (13)]
  9538 | D:8      | Reached skill level 13 in Axes
  9875 | D:8      | Identified the +5 trident of Devotion {vorpal, Dex+3}
 10619 | D:9      | Reached skill level 10 in Fighting
 10619 | D:9      | Reached XP level 11. HP: 89/89 MP: 10/10
 11099 | D:9      | Found a staircase to the Lair.
 11305 | D:10     | Entered Level 10 of the Dungeon
 11652 | D:10     | Noticed a two-headed ogre
 11662 | D:10     | Killed a two-headed ogre
 11793 | D:11     | Reached **** piety under Hepliaklqana
 11807 | D:11     | Found a gate leading to a gauntlet.
 11816 | Gauntlet | Entered a Gauntlet
 11816 | Gauntlet | Found a transporter.
 11816 | Gauntlet | Found a transporter.
 11817 | Gauntlet | Found a transporter.
 11818 | Gauntlet | Found a transporter.
 11818 | Gauntlet | Found a transporter.
 11819 | Gauntlet | Found a large runed translucent door.
 11825 | Gauntlet | Found a large runed translucent door.
 11826 | Gauntlet | Found a large runed translucent door.
 11826 | Gauntlet | Found a large runed translucent door.
 11826 | Gauntlet | Found a runed translucent door.
 11826 | Gauntlet | Found a transporter.
 11826 | Gauntlet | Found a runed translucent door.
 11827 | Gauntlet | Found a large runed translucent door.
 11828 | Gauntlet | Found a large runed translucent door.
 11829 | Gauntlet | Found a large runed translucent door.
 11829 | Gauntlet | Found a large runed translucent door.
 11829 | Gauntlet | Found a large runed translucent door.
 11829 | Gauntlet | Found a large runed translucent door.
 11830 | Gauntlet | Found a large runed translucent door.
 11831 | Gauntlet | Found a large runed translucent door.
 11833 | Gauntlet | Found a large runed translucent door.
 11833 | Gauntlet | Found a large runed translucent door.
 11833 | Gauntlet | Found a large runed translucent door.
 11833 | Gauntlet | Found a large runed translucent door.
 11834 | Gauntlet | Noticed a soul eater
 11838 | Gauntlet | Found a runed translucent gate.
 11838 | Gauntlet | Found a runed translucent gate.
 11838 | Gauntlet | Found a runed translucent gate.
 11840 | Gauntlet | Found a transporter.
 11840 | Gauntlet | Found the ring of the Tortoise {AC+8}
 11842 | Gauntlet | Found a transporter.
 11843 | Gauntlet | Found a transporter.
 11845 | Gauntlet | Found a transporter.
 11849 | Gauntlet | Found a runed translucent door.
 11849 | Gauntlet | Noticed a wolf spider
 11859 | Gauntlet | Found a runed translucent door.
 11861 | Gauntlet | Found a transporter.
 11863 | Gauntlet | Found a transporter.
 11982 | Gauntlet | Reached skill level 14 in Axes
 11984 | Gauntlet | Identified the amulet "Kittiv" {RegenMP rC+ rN+ Dex+5}
 12268 | Gauntlet | Noticed a minotaur
 12279 | Gauntlet | Killed a minotaur
 12563 | D:11     | Noticed a green ugly thing
 12563 | D:11     | Noticed a two-headed ogre
 12564 | D:11     | Noticed a seven-headed hydra
 12565 | D:11     | Noticed a frost giant
 12649 | D:11     | Noticed a two-headed ogre
 12656 | D:11     | Killed a two-headed ogre
 12657 | D:11     | Reached skill level 10 in Armour
 12765 | D:11     | Noticed a fire dragon
 12766 | D:11     | Found a transporter.
 12768 | D:11     | Noticed a seven-headed hydra
 12772 | D:11     | Noticed a tengu warrior
 12773 | D:11     | Noticed a fire dragon
 12793 | D:11     | You fall into a shaft and drop 1 floor!
 12827 | D:12     | Noticed a boulder beetle
 12832 | D:12     | Reached skill level 10 in Shields
 12862 | D:12     | Killed a boulder beetle
 13100 | D:12     | Noticed a deep elf pyromancer
 13113 | D:12     | Killed a deep elf pyromancer
 13114 | D:12     | Reached skill level 15 in Axes
 13375 | D:11     | Found a transporter.
 13402 | D:11     | Noticed Erolcha
 13410 | D:11     | Killed Erolcha
 13411 | D:11     | Reached XP level 12. HP: 92/99 MP: 11/11
 13802 | D:12     | Noticed Azrael
 13815 | D:12     | HP: 4/99 [hell hound[Azrael] (6)]
 14434 | D:12     | HP: 1/99 [Azrael/+2 scimitar of flaming (9)]
 14434 | D:12     | Slain by Azrael

Illustrated notes

Levels and vault maps discovered:
D:1:      shiori_arrival_oz, layout_basic, chequers_ecumenical_altar_simple
D:2:      layout_loops_ring, minmay_tetromino_i2
D:3:      layout_basic, chei_slow_surprise, serial_shops, shop
D:4:      minmay_goblin_kobold_castle, layout_basic
D:5:      layout_cave_pools, jmf_multi_god_temple2, minmay_increasing_density
D:6:      layout_cave_pools, kennysheep_mini, cheibrodos_sewer_entry_drain,
          hex_large, minmay_alternating_orb
D:7:      layout_basic, temple_green, the_hattery, uniq_joseph, uniq_maggie
D:8:      layout_loops_ring, enter_bailey_3, enter_ossuary_1
D:9:      layout_loops_ring, lair_entry_dummy
D:10:     layout_cave_pools, serial_glass, glass_columns_a, glass_columns_a
D:11:     gammafunk_the_bubble [the_bubble_gammafunk_plus_minus],
          layout_cave_pools, gauntlet_entry_generic, minmay_misc_feat_ornament,
          uniq_erolcha
D:12:     minmay_inner_zag, layout_irregular_city, zombieorc2_lemuel,
          moated_statue, minmay_fire_ice_demons, uniq_azrael

Skill      XL: |  1  2  3  4  5  6  7  8  9 10 11 |
---------------+----------------------------------+-----
Axes           | 4 5 6 8 9 11 13 15 | 15.4
Armour         | 1 2 3 4 6 7 9 10 | 10.7
Fighting       | 4 5 6 7 8 10 11 | 11.4
Shields        | 1 2 3 4 5 7 8 10 | 10.5
Dodging        | |  3.2
Stealth        | |  1.5

Action                   |  1- 3 |  4- 6 |  7- 9 | 10-12 || total
-------------------------+-------+-------+-------+-------++-------
Melee: Hand axe          |   132 |   148 |   243 |       ||   523
       Headbutt          |    12 |    34 |    47 |    71 ||   164
       Punch             |     1 |       |       |       ||     1
       Broad axe         |       |       |     8 |   344 ||   352
Invok: Ancestor Identity |       |       |     2 |       ||     2
       Recall Ancestor   |       |       |     1 |     3 ||     4
       Ancestor Life: He |       |       |     1 |       ||     1
Evoke: Wand              |       |       |     6 |       ||     6
  Use: Scroll            |     1 |     7 |    10 |     7 ||    25
       Potion            |       |       |     5 |     7 ||    12
 Stab: Sleeping          |     5 |       |       |       ||     5
       Distracted        |     1 |       |     1 |    14 ||    16
       Confused          |       |       |     7 |     7 ||    14
Armor: Robe              |    17 |       |       |       ||    17
       Chain mail        |    17 |     7 |       |       ||    24
       Plate armour      |       |    69 |   160 |   195 ||   424
Dodge: Dodged            |    69 |    36 |    68 |    87 ||   260
Block: Kite shield       |     3 |    89 |   200 |   281 ||   573
       Reflection        |       |     3 |     3 |    12 ||    18
